 Dungeon Crawl Stone Soup version 0.22-a0-40-g3d2f077 (webtiles) character file.

2003 Gorglomux the Covered (level 9, 0/81 HPs)
             Began as a Deep Dwarf Fighter on Jan 4, 2018.
             Was a Follower of Makhleb.
             Slain by a gnoll
             ... wielding a +0 halberd
              (10 damage)
             ... on level 6 of the Dungeon.
             The game lasted 00:04:30 (3876 turns).

Gorglomux the Covered (Deep Dwarf Fighter)          Turns: 3876, Time: 00:04:31

Health: 0/81       AC:  9    Str: 23      XL:     9   Next: 2%
Magic:  10/10      EV: 10    Int:  9      God:    Makhleb [*.....]
Gold:   371        SH: 10    Dex: 11 (12) Spells: 8/8 levels left

rFire    . . .     SeeInvis .   a - +0 war axe
rCold    . . .     Gourm    .   c - +0 shield
rNeg     . . .     Faith    .   b - +0 scale mail
rPois    .         Spirit   .   W - +0 helmet
rElec    .         Reflect  .   (no cloak)
rCorr    .         Harm     .   (no gloves)
MR       +....                  (no boots)
Stlth    ..........             (no amulet)
HPRegen  0.00/turn              (no ring)
MPRegen  0.12/turn              (no ring)

@: non-regenerating
A: damage resistance, heal wounds, sense surroundings 2, no regeneration
a: Heal Wounds, Renounce Religion


You were on level 6 of the Dungeon.
You worshipped Makhleb.
Makhleb was aware of your devotion.
You were not hungry.

You visited 1 branch of the dungeon, and saw 6 of its levels.

You collected 371 gold pieces.

Inventory:

Hand Weapons
 a - a +0 war axe (weapon)
Armour
 b - a +0 scale mail (worn)
 c - a +0 shield (worn)
 W - a +0 helmet (worn)
Wands
 E - a wand of enslavement (12)
Scrolls
 j - 2 scrolls of teleportation {unknown}
 k - 2 scrolls of remove curse {unknown}
 m - 2 scrolls of magic mapping {unknown}
 o - a scroll of random uselessness {unknown}
 R - 9 scrolls of identify
 T - a scroll of enchant weapon {unknown}
 U - 4 scrolls of enchant armour {unknown}
 Y - a scroll of immolation {unknown}
 Z - 2 scrolls of blinking {unknown}
Potions
 d - 2 potions of might
 g - a potion of magic
 Q - 4 potions of curing
 V - a potion of cancellation {unknown}
Comestibles
 f - 8 rations
 X - 12 chunks of flesh


   Skills:
 + Level 5.2 Fighting
 + Level 6.0 Axes
 + Level 6.3 Armour
 + Level 5.2 Dodging
 + Level 6.3 Shields
 + Level 4.5 Invocations


You had 8 spell levels left.
You didn't know any spells.

Dungeon Overview and Level Annotations

Branches:
Dungeon (6/15)             Temple (0/1) D:4

Altars:
Elyvilon
Kikubaaqudgha
Makhleb
Ru

Shops:
D:6 %


Innate Abilities, Weirdness & Mutations

You are resistant to damage.
You can heal yourself by infusing magical energy.
You passively map the area around you.
You do not regenerate.


Message History

The gnoll closely misses you!
An orc wizard comes into view! It is wielding a dagger!
You closely miss the gnoll!
The gnoll is moderately wounded!
The butt wizard shouts!!!
You carve the gnoll like a butt! You block the gnoll's attack! x2
The gnoll hits you with a spear!
Unknown command!
You barely miss the gnoll!
The gnoll is moderately wounded!
You butt the butt like a ham!
The gnoll barely misses you!
The gnoll hits you with a halberd!!! * * * don't die
* * * Unknown command!
Your shield and scale mail prevent you from hitting the gnoll!
The gnoll is moderately wounded!
You barely miss the gnoll! You cut the orc wizard into ribbons!!!
You block the orc wizard's attack! The gnoll hits you but does no damage!
The gnoll hits you with a halberd!!! rip

.)).....∩...###..### #.#
..)...#..#.#.#.#...# #.#
.##.#.#.##.##.####.# #.#
.##.#.#....##.# #.# #.#####
.##.#.#..####.# #.# #......
.##.#..... #...#*#.# #..####
....#.....#.#.#.##.########..#
##
.####.>.........g))..........#
#. .#* .##...@g....######.###.
.. ........o............... <#
##.###.#.#...######..... , *,
# ,$.#.##.## #.#### *,
##.#.#*.# #..... #.#.# .#
#.#### * , * #.#.# #.# , , , ,
..,.# #.#### * #######.....


You could see an orc wizard and 2 gnolls.

Vanquished Creatures
  2 orc warriors
  A water moccasin (D:5)
  A phantom (D:4)
  An ice beast (D:5)
  3 ogres (D:6)
  A centaur (D:5)
  Blork the orc (D:5)
  2 bullfrogs (D:6)
  A scorpion (D:4)
  2 crimson imps
  A quasit (D:5)
  5 hounds
  A centaur skeleton (D:5)
  3 orc priests
  4 orc wizards
  A bullfrog skeleton (D:4)
  2 iguanas (D:5)
  4 worker ants
  A hound zombie (D:5)
  8 adders
  9 gnolls
  3 oozes
  An adder skeleton (D:4)
  2 worms
  6 dart slugs
  2 leopard geckos
  18 orcs
  3 giant cockroaches
  7 goblins
  7 hobgoblins
  6 kobolds
  4 quokkas
  6 bats
  5 frilled lizards
  A jackal skeleton (D:4)
  12 rats
137 creatures vanquished.

Vanquished Creatures (others)
  A hound (D:5)
1 creature vanquished.

Grand Total: 138 creatures vanquished

Notes
Turn   | Place    | Note
-------+----------+-------------------------------------------
     0 | D:1      | Gorglomux the Deep Dwarf Fighter began the quest for the Orb.
     0 | D:1      | Reached XP level 1. HP: 20/20 MP: 1/1
   134 | D:1      | Reached XP level 2. HP: 18/27 MP: 2/2
   256 | D:1      | Reached skill level 1 in Dodging
   395 | D:1      | Reached XP level 3. HP: 14/33 MP: 3/3
   763 | D:2      | Reached skill level 3 in Fighting
   938 | D:2      | Reached XP level 4. HP: 35/42 MP: 4/4
  1102 | D:2      | Found an ancient bone altar of Kikubaaqudgha.
  1418 | D:3      | Found a white marble altar of Elyvilon.
  1419 | D:3      | Found a sacrificial altar of Ru.
  1473 | D:3      | Reached skill level 3 in Axes
  2038 | D:4      | Reached XP level 5. HP: 42/49 MP: 5/5
  2367 | D:4      | Reached XP level 6. HP: 34/56 MP: 6/6
  2465 | D:4      | Reached skill level 3 in Dodging
  2541 | D:4      | Reached XP level 7. HP: 36/63 MP: 7/7
  2619 | D:4      | Found a staircase to the Ecumenical Temple.
  2678 | D:4      | Found a burning altar of Makhleb.
  2693 | D:4      | Became a worshipper of Makhleb the Destroyer
  2737 | D:5      | Entered Level 5 of the Dungeon
  2737 | D:5      | Noticed Blork the orc
  2754 | D:5      | Killed Blork the orc
  2754 | D:5      | Reached skill level 1 in Invocations
  3075 | D:5      | Reached XP level 8. HP: 49/73 MP: 9/9
  3348 | D:5      | Reached skill level 3 in Invocations
  3581 | D:6      | Reached * piety under Makhleb
  3690 | D:6      | Reached skill level 6 in Armour
  3690 | D:6      | Reached skill level 6 in Shields
  3802 | D:6      | Found Gurrekal's Food Boutique.
  3873 | D:6      | Reached skill level 6 in Axes
  3873 | D:6      | Gained mutation: You passively map the area around you. [Deep Dwarf growth]
  3873 | D:6      | Reached XP level 9. HP: 18/81 MP: 10/10
  3876 | D:6      | Slain by a gnoll

Vault maps used:
D:1:      minmay_arrival_widening_spiral_wide, serial_forest,
          infiniplex_forest_lined_corner, infiniplex_forest_clump_cross,
          infiniplex_forest_end_double, infiniplex_forest_end_double,
          infiniplex_forest_clump_medium, infiniplex_forest_diagonal,
          infiniplex_forest_clump_tiny
D:2:      first_ration, minmay_misc_feat_chi, lemuel_statue_altar
D:3:      nicolae_overflow_hidden_temple
D:4:      makhleb_heckhound_becter, minmay_temple_entry_fiery
D:5:      uniq_blork_the_orc
D:6:      serial_shops, shop

Skill      XL: |  1  2  3  4  5  6  7  8 |
---------------+-------------------------+-----
Dodging        | 1 2 3 4 5 |  5.2
Fighting       | 3 4 5 |  5.2
Axes           | 3 4 6 |  6.0
Armour         | 4 5 6 |  6.3
Shields        | 4 5 6 |  6.3
Invocations    | 2 4 |  4.5

Action                   |  1- 3 |  4- 6 |  7- 9 || total
-------------------------+-------+-------+-------++-------
Melee: War axe           |    96 |   204 |   370 ||   670
 Abil: Heal Wounds       |     1 |     3 |    13 ||    17
  Use: Scroll            |       |     3 |       ||     3
  Eat: Chunk             |       |     6 |     5 ||    11
Armor: Scale mail        |    37 |    84 |   175 ||   296
Dodge: Dodged            |    33 |    69 |   207 ||   309
Block: Shield            |    51 |   131 |   254 ||   436

Table legend:
 A = Spawn XP
 B = Non-spawn XP
 C = Spawn XP percentage of total XP
 D = Spawn monster count
 E = Non-spawn monster count
 F = Spawn count percentage of total count
 G = Total turns spent on level
                    A         B        C        D         E        F      G
               +---------+---------+-------+---------+---------+-------+---------
         Total |       0 |    2862 |   0.0 |       0 |     138 |   0.0 |  3876
               +---------+---------+-------+---------+---------+-------+---------
           D:1 |       0 |      47 |   0.0 |       0 |      27 |   0.0 |   681
           D:2 |       0 |      54 |   0.0 |       0 |       8 |   0.0 |   593
           D:3 |       0 |      91 |   0.0 |       0 |      25 |   0.0 |   696
           D:4 |       0 |     591 |   0.0 |       0 |      26 |   0.0 |   767
           D:5 |       0 |    1078 |   0.0 |       0 |      28 |   0.0 |   815
           D:6 |       0 |    1001 |   0.0 |       0 |      24 |   0.0 |   324
               +---------+---------+-------+---------+---------+-------+---------
